 Dungeon Crawl Stone Soup version 0.20.2-3-g29329e0561 (webtiles) character file.

385 Alfie the Cutter (level 6, -6/53 HPs)
             Began as a Hill Orc Fighter on Nov 7, 2022.
             Mangled by an ice beast (14 damage)
             ... on level 5 of the Dungeon.
             The game lasted 00:10:00 (2875 turns).

Alfie the Cutter (Hill Orc Fighter)                 Turns: 2875, Time: 00:10:01

Health: -6/53      AC:  8    Str: 24    XL:     6   Next: 77%
Magic:  6/6        EV: 11    Int:  8    God:
Gold:   53         SH: 10    Dex: 10    Spells: 2/5 levels left

rFire    . . .     SeeInvis .   a - +1 rapier
rCold    . . .     Gourm    .   c - +0 shield
rNeg     . . .     Faith    .   b - +0 scale mail
rPois    .         Spirit   .   e - +0 helmet
rElec    .         Reflect  .   (no cloak)
rCorr    .         Harm     .   (no gloves)
MR       .....                  (no boots)
Stlth    ..........             (no amulet)
Regen    0.2/turn               p - +3 ring of evasion
MPRegen  0.1/turn               w - +3 ring of strength

@: no status effects
A: no striking features
a: no special abilities


You were on level 5 of the Dungeon.
You were not hungry.

You visited 1 branch of the dungeon, and saw 5 of its levels.

You collected 203 gold pieces.
You spent 150 gold pieces at shops.

Inventory:

Hand Weapons
 a - a +1 rapier (weapon)
Missiles
 t - a tomahawk (quivered)
Armour
 b - a +0 scale mail (worn)
 c - a +0 shield (worn)
 e - a +0 helmet (worn)
Jewellery
 p - a +3 ring of evasion (left hand)
 w - a +3 ring of strength (right hand)
Wands
 v - a wand of confusion (15/48)
Scrolls
 g - a scroll of fear
 m - 2 scrolls of identify
 s - a scroll of teleportation
 y - a scroll of blinking {unknown}
Potions
 d - 3 potions of might
 h - 2 potions of brilliance
 j - a potion of lignification
 k - 2 potions of flight
 l - 2 potions of curing
 o - a potion of berserk rage {unknown}
 q - 2 potions of mutation {unknown}
 r - a potion of agility {unknown}
 u - a potion of cancellation {unknown}
 x - a potion of haste {unknown}
Comestibles
 f - 4 bread rations
 i - 4 meat rations
 n - a royal jelly


   Skills:
 + Level 4.7 Fighting
 + Level 4.8 Short Blades
 + Level 0.1 Throwing
 + Level 4.2 Armour
 + Level 1.1 Dodging
 + Level 4.6 Shields


You had 2 spell levels left.
You knew the following spells:

 Your Spells              Type           Power        Failure   Level  Hunger
a - Magic Dart            Conj           #...         98%         1    ##.....
b - Call Imp              Summ           #.......     99%         2    ###....


Dungeon Overview and Level Annotations

Branches:
Dungeon (5/15)             Temple (0/1) D:4

Altars:

Shops:
D:4 %


Message History

The orc is lightly wounded.
You block the orc's attack.
You barely miss the orc.
The orc is lightly wounded.
You float gracefully downwards.
You block the orc's attack.
You puncture the orc!
You kill the orc!
You puncture the ice beast!
The ice beast is heavily wounded.
The ice beast hits you. The ice beast freezes you!
* * * LOW HITPOINT WARNING * * *
You closely miss the ice beast.
The ice beast is heavily wounded.
You block the ice beast's attack.
You closely miss the ice beast.
The ice beast is heavily wounded.
The ice beast hits you.
* * * LOW HITPOINT WARNING * * *
The ice beast freezes you!
You die...

............## ..
.............###.##
...........<......
...............#.#
>..............#.#
.................###.
............(........
................####
................@#
...............#Y#
...............#Z.......
....<.#..#.....##.......
........................
....................(..%
.)..###..............().
[..............#........
........#.....##.......(


You could see an ice beast and a howler monkey skeleton.

Vanquished Creatures
  A scorpion (D:4)
  A hound (D:5)
  Terence (D:2)
  An orc wizard (D:4)
  3 worker ants
  A hound zombie (D:4)
  A hound skeleton (D:5)
  6 adders
  An ooze (D:2)
  2 adder skeletons
  5 worms
  2 dart slugs
  2 leopard geckos
  5 orcs
  5 bats
  5 giant cockroaches
  10 goblins
  7 hobgoblins
  7 kobolds
  A quokka (D:2)
  7 frilled lizards
  9 rats
83 creatures vanquished.

Vanquished Creatures (others)
  A ghoul (D:1)
  An octopode (D:1)
  A vine stalker (D:1)
  A troll (D:1)
  A formicid (D:1)
  2 vampires (D:1)
  A human (D:1)
  A dwarf (D:1)
  An ogre (D:1)
  2 orcs (D:1)
  4 tentacles (D:1)
16 creatures vanquished.

Grand Total: 99 creatures vanquished

Notes
Turn   | Place    | Note
-------+----------+-------------------------------------------
     0 | D:1      | Alfie the Hill Orc Fighter began the quest for the Orb.
     0 | D:1      | Reached XP level 1. HP: 19/19 MP: 1/1
     0 | D:1      | Noticed an ogre
     0 | D:1      | Noticed a vine stalker
     0 | D:1      | Noticed a formicid
     0 | D:1      | Noticed a human
     0 | D:1      | Noticed a troll
     0 | D:1      | Noticed a kraken
     0 | D:1      | Noticed a ghoul
     0 | D:1      | Noticed an octopode
     0 | D:1      | Noticed a dwarf
     0 | D:1      | Noticed a vampire
     0 | D:1      | Noticed a vampire
     3 | D:1      | Killed a vine stalker
     6 | D:1      | Killed an ogre
     6 | D:1      | Killed an octopode
     7 | D:1      | Killed a human
     7 | D:1      | Killed a formicid
     8 | D:1      | Killed a troll
     8 | D:1      | Killed a dwarf
     9 | D:1      | Killed a vampire
    11 | D:1      | Killed a ghoul
    11 | D:1      | Killed a vampire
   195 | D:1      | Reached XP level 2. HP: 27/27 MP: 2/2
   739 | D:2      | Reached XP level 3. HP: 13/33 MP: 3/3
   985 | D:2      | Noticed Terence
  1004 | D:2      | Killed Terence
  1004 | D:2      | Reached XP level 4. HP: 21/40 MP: 4/4
  1219 | D:2      | Reached XP level 5. HP: 14/46 MP: 5/5
  1851 | D:4      | Found a staircase to the Ecumenical Temple.
  1903 | D:4      | Learned a level 1 spell: Magic Dart
  1906 | D:4      | Learned a level 2 spell: Call Imp
  2181 | D:4      | Reached XP level 6. HP: 41/53 MP: 6/6
  2190 | D:4      | Found Qoawig's Food Emporium.
  2205 | D:4      | Bought a bread ration for 50 gold pieces
  2205 | D:4      | Bought a meat ration for 50 gold pieces
  2205 | D:4      | Bought a bread ration for 50 gold pieces
  2395 | D:4      | Reached skill level 1 in Dodging
  2693 | D:5      | Entered Level 5 of the Dungeon
  2862 | D:5      | Noticed an ice beast
  2875 | D:5      | Mangled by an ice beast

Skill      XL: |  1  2  3  4  5  6 |
---------------+-------------------+-----
Fighting       | 4 |  4.7
Short Blades   | 3 4 |  4.8
Shields        | 4 |  4.6
Armour         | 4 |  4.2
Dodging        | 1 |  1.1
Throwing       | |  0.1

Action                   |  1- 3 |  4- 6 || total
-------------------------+-------+-------++-------
Melee: Rapier            |   162 |   266 ||   428
Throw: Tomahawk          |       |     5 ||     5
  Use: Scroll            |     2 |     5 ||     7
       Potion            |       |     3 ||     3
  Eat: Royal jelly       |     1 |       ||     1
       Meat ration       |       |     1 ||     1
Armor: Scale mail        |    79 |    81 ||   160
Dodge: Dodged            |    49 |    63 ||   112
Block: Shield            |    82 |   129 ||   211
